 Dungeon Crawl Stone Soup version 0.26.1-11-gd32895ea62 (webtiles) character file.

Game seed: 1614097093131554843

124 Felido the Slasher (level 5, -7/41 HPs)
             Began as a Human Chaos Knight on June 27, 2021.
             Was a Plaything of Xom.
             Mangled by Sigmund
             ... wielding a +4 scythe of chaos
              (13 damage)
             ... on level 2 of the Dungeon.
             The game lasted 00:05:44 (1626 turns).

Felido the Slasher (Human Chaos Knight)             Turns: 1626, Time: 00:05:45

Health: -7/41      AC:  5    Str: 13    XL:     5   Next: 30%
Magic:  5/5        EV: 12    Int: 10    God:    Xom [..*...]
Gold:   91         SH:  0    Dex: 13    Spells: 4/4 levels left

rFire    . . .     SeeInvis .   a - +0 falchion (chaos)
rCold    . . .     Faith    .   (no shield)
rNeg     . . .     Spirit   .   b - +2 leather armour
rPois    .         Reflect  .   (no helmet)
rElec    .         Harm     .   (no cloak)
rCorr    +         Rampage  .   (no gloves)
Will     +....                  (no boots)
Stlth    +.........             (no amulet)
HPRegen  0.13/turn              c - ring of willpower
MPRegen  0.09/turn              k - ring of resist corrosion

@: no status effects
A: hooves 1, dopey 1
a: Renounce Religion


You were on level 2 of the Dungeon.
You worshipped Xom.
You were a toy of Xom.
You visited 1 branch of the dungeon, and saw 3 of its levels.

You collected 91 gold pieces.

Inventory:

Hand Weapons
 a - a +0 falchion of chaos (weapon)
 d - a +1 club of chaos
Armour
 b - a +2 leather armour (worn)
Jewellery
 c - a ring of willpower (left hand)
 k - a ring of resist corrosion (right hand)
Wands
 e - a wand of enslavement (5)
Scrolls
 h - a scroll of teleportation {unknown}
 i - a scroll of magic mapping
 j - a scroll of remove curse {unknown}
Potions
 f - a potion of brilliance {unknown}
 g - a potion of attraction {unknown}


   Skills:
 + Level 3.5 Fighting
 + Level 4.3 Long Blades
 + Level 2.6 Armour
 + Level 2.2 Dodging
 + Level 0.1 Stealth


You had 4 spell levels left.
You didn't know any spells.
Your spell library was empty.

Dungeon Overview and Level Annotations

Branches:
Dungeon (3/15)

Altars:
Kikubaaqudgha
Makhleb
Wu Jian

Annotations:
D:2 Sigmund


Innate Abilities, Weirdness & Mutations

You have large cloven feet.
You are dopey. (Int -2)


Message History

Sigmund blinks!
Sigmund casts a spell at you. You resist with almost no effort.
Xom smirks.
You feel aware of your surroundings. Sigmund casts a spell at you.
The magic dart hits you. Sigmund barely misses you.
You barely miss Sigmund.
Sigmund is heavily wounded.
Sigmund gestures at himself while chanting.
Sigmund flickers and vanishes!
Deactivating autopickup; reactivate with Ctrl-A.
Something hits you!
* * * LOW HITPOINT WARNING * * *
You miss something. Something hits you but does no damage.
Okay, then.
You hit something. You burn something. Something hits you but does no damage.
Something hits you!
You die...

.#................
#.....#................ *
#......................
........###.................#####
............................#
...................#....#...###
...................#..........#
.!..........g......#..........#
.........$......@{.#..........#
#...)......##..$#.##..........#
..................##..........#
....####...##..☼..##............
....# ##..##....§......########
....####...#............# *.<...#
##....##..{#............###.....#
....................#.....#.....#
##....##..........###..)..#...$.#


You could see a goblin.

Vanquished Creatures
  An orc priest (D:3)
  A gnoll (D:1)
  2 adders
  An ooze (D:1)
  A worm (D:2)
  3 orcs (D:3)
  A ball python (D:3)
  6 bats
  2 giant cockroaches (D:3)
  4 goblins
  9 hobgoblins
  9 jackals
  A quokka (D:2)
  5 frilled lizards
  5 kobolds
  6 rats
57 creatures vanquished.

Notes
Turn   | Place    | Note
-------+----------+-------------------------------------------
     0 | D:1      | Felido the Human Chaos Knight began the quest for the Orb.
     0 | D:1      | Reached XP level 1. HP: 18/18 MP: 1/1
    65 | D:1      | Reached XP level 2. HP: 19/24 MP: 2/2
    98 | D:1      | XOM: silly message
   235 | D:1      | Reached XP level 3. HP: 28/29 MP: 3/3
   294 | D:1      | XOM: stat loss: -1 Int (11/12)
   632 | D:1      | XOM: noise
   979 | D:2      | XOM: chaos upgrade
  1101 | D:2      | Noticed Sigmund
  1108 | D:2      | XOM: noise
  1111 | D:2      | XOM: 1-stop teleportation journey
  1139 | D:2      | XOM: smoke on damage
  1140 | D:2      | Reached XP level 4. HP: 21/35 MP: 4/4
  1179 | D:2      | XOM: chaos upgrade
  1190 | D:2      | You fall into a shaft and drop 1 floor!
  1190 | D:3      | Found an ornate altar of the Wu Jian Council.
  1190 | D:3      | XOM: 1-stop teleportation journey
  1228 | D:3      | Found an ancient bone altar of Kikubaaqudgha.
  1266 | D:3      | Reached skill level 4 in Long Blades
  1266 | D:3      | Reached XP level 5. HP: 14/41 MP: 5/5
  1392 | D:3      | Found a burning altar of Makhleb.
  1392 | D:3      | XOM: 4-stop teleportation journey
  1414 | D:3      | XOM: give mutations
  1414 | D:3      | Gained mutation: You are dopey. (Int -2) [Xom's mischief]
  1414 | D:3      | Gained mutation: You have large cloven feet. [Xom's
                  | mischief]
  1612 | D:2      | XOM: potion effect (heal wounds)
  1614 | D:2      | XOM: smoke on damage
  1620 | D:2      | XOM: divination: magic mapping
  1626 | D:2      | Mangled by Sigmund

Illustrated notes

Levels and vault maps discovered:
D:1:      minmay_arrival_arboretum_small, layout_basic
D:2:      layout_basic, uniq_sigmund
D:3:      layout_loops_ring, old_standard_altar, nzn_wu_jian_council_hall,
          old_standard_altar, lemuel_crystal_altar, kiku_gazebo_pond_becter,
          gup_sewer_entry_bowl, chequers_garden, roderic_batcave,
          hangedman_abyss_or_decor_lesser_grid

Skill      XL: |  1  2  3  4 |
---------------+-------------+-----
Dodging        | 2 |  2.2
Long Blades    | 4 |  4.3
Fighting       | |  3.5
Armour         | |  2.6
Stealth        | |  0.1

Action                   |  1- 3 |  4- 6 || total
-------------------------+-------+-------++-------
Melee: Falchion          |    89 |    82 ||   171
       Kick              |       |     6 ||     6
  Use: Scroll            |     1 |     1 ||     2
       Potion            |     1 |     1 ||     2
Armor: Leather armour    |    27 |    25 ||    52
Dodge: Dodged            |    55 |    59 ||   114
       Rpst.: Falchion   |    17 |    17 ||    34
